 Dungeon Crawl Stone Soup version 0.18-a0-1560-ge216ca8 (webtiles) character file.

7895 M4edhros the Nimble (level 11, -11/50 HPs)
             Began as an Octopode Artificer on Mar 10, 2016.
             Was an Initiate of Gozag.
             Mangled by a thrashing horror (13 damage)
             ... on level 3 of the Abyss on Mar 12, 2016.
             The game lasted 00:33:50 (27329 turns).

M4edhros the Nimble (Octopode Artificer)           Turns: 27329, Time: 00:33:52

Health: -11/50     AC:  9    Str:  8    XL:     11   Next: 22%
Magic:  15/15      EV: 26    Int: 21    God:    Gozag
Gold:   359        SH:  5    Dex: 24    Spells: 2 memorised, 5 levels left

rFire  + . .     SeeInvis .     k - +1 whip (elec)
rCold  . . .     Gourm    .     I - +0 buckler {rN+}
rNeg   + . .     Faith    +     (helmet restricted)
rPois  +         Spirit   .     E - amulet "Giluemugisk" {Faith Int+7}
rElec  .         Dismiss  .     m - +6 ring of protection
rCorr  .         Reflect  .     D - ring of sustain attributes
SustAt +         Harm     .     G - ring of protection from cold
MR     +....     Rnd*Rage +     N - +3 ring of dexterity
Stlth  +++.......               P - ring of protection from magic
                                S - ring of Fach {Fire rPois}
                                (no ring)
                                (no ring)

@: about to teleport, somewhat resistant to hostile enchantments, fairly
stealthy
A: almost no armour, amphibious, 8 rings, constrict 8, tentacle spike 1, slimy
green scales 1, camouflage 1, agile 2, berserk 1, blurry vision 2, deterioration
2, frail 2, slow regeneration 1, weak 1, gelatinous body 1
a: Potion Petition, Call Merchant, Bribe Branch, Renounce Religion


You were on level 3 of the Abyss.
You worshipped Gozag.
Gozag was noncommittal.
You were near starving.

You visited 3 branches of the dungeon, and saw 11 of its levels.
You visited the Abyss 1 time.
You also visited: Sewer.

You collected 1325 gold pieces.
You spent 140 gold pieces at shops.
You paid 826 gold pieces to Gozag.

Inventory:

Hand Weapons
 a - a +0 short sword
 f - a +1 short sword of chaos
 g - a +0 hunting sling
 h - a +0 spear
 k - a +1 whip of electrocution (weapon)
 q - a +0 rapier
 s - a +0 short sword of flaming
 H - a +1 vampiric war axe
Missiles
 r - 35 sling bullets
 v - 194 stones (quivered)
Armour
 I - a +0 buckler of positive energy (worn)
Jewellery
 m - a +6 ring of protection (left tentacle)
 o - an uncursed amulet of magic regeneration
 D - a ring of sustain attributes (right tentacle)
 E - the amulet "Giluemugisk" (around mantle) {Faith Int+7}
   (You bought it in a shop on level 1 of the Lair of Beasts)

   [amulet of faith]

   It allows you to gain divine favour quickly.
   It affects your intelligence (+7).
 G - a ring of protection from cold (on tentacle)
 N - a +3 ring of dexterity (on tentacle)
 P - a ring of protection from magic (on tentacle)
 S - the ring of Fach (on tentacle) {Fire rPois}
   (You found it on level 3 of the Abyss)

   [ring of fire]

   It enhances your fire magic, and weakens your ice magic.
   It protects you from fire.
   It makes you vulnerable to cold.
   It protects you from poison.
Wands
 b - a wand of flame (4/48)
 c - a wand of enslavement (15/24)
 d - a wand of random effects (0/48)
 K - a wand of disintegration (12/24)
 O - a wand of flame (20/48)
 T - a wand of lightning (4/15)
Scrolls
 e - 4 scrolls of teleportation
 j - a scroll of recharging {unknown}
 l - a scroll of enchant armour
 n - a scroll of noise {unknown}
 u - a scroll of blinking
 y - 5 scrolls of enchant weapon {unknown}
 A - 4 scrolls of fear {unknown}
 B - 3 scrolls of random uselessness
 C - a scroll of magic mapping
 J - a scroll of fog {unknown}
Potions
 t - 2 potions of brilliance
 w - 3 potions of ambrosia
 z - 3 potions of berserk rage
 F - a potion of haste {unknown}
 L - a potion of magic {unknown}
Books
 p - a book of Minor Magic

   Spells                             Type                      Level
   a - Magic Dart                     Conjuration                  1
   b - Blink                          Translocation                2
   c - Call Imp                       Summoning                    2
   d - Repel Missiles                 Charms/Air                   2
   e - Slow                           Hexes                        2
   f - Conjure Flame                  Conjuration/Fire             3
   g - Mephitic Cloud                 Conjuration/Poison/Air       3
 x - a book of Geomancy

   Spells                             Type                      Level
   a - Sandblast                      Earth                        1
   b - Passwall                       Transmutation/Earth          2
   c - Stone Arrow                    Conjuration/Earth            3
   d - Petrify                        Transmutation/Earth          4
   e - Lee's Rapid Deconstruction     Earth                        5
Miscellaneous
 M - a sack of spiders {used: 5}
 R - a crystal ball of energy
Comestibles
 i - 2 fruits
 Q - a beef jerky


   Skills:
 - Level 1.0 Fighting
 - Level 1.0 Short Blades
 - Level 13.4 Dodging
 - Level 1.3 Stealth
 - Level 3.4 Conjurations
 + Level 4.5 Charms
 + Level 4.9 Air Magic
 - Level 4.2 Poison Magic
 - Level 6.5 Evocations


You had 5 spell levels left.
You knew the following spells:

 Your Spells              Type           Power        Failure   Level  Hunger
a - Repel Missiles        Chrm/Air       ###...       10%         2    ###....
b - Mephitic Cloud        Conj/Pois/Air  ###.....     17%         3    ####...


Dungeon Overview and Level Annotations

Branches:
Dungeon (9/15)             Temple (1/1) D:6            Lair (1/8) D:9
    Orc (0/2) D:9

Altars:
Cheibriados
Dithmenos
Elyvilon
Fedhas
Gozag
Kikubaaqudgha
Makhleb
Nemelex Xobeh
Okawaru
Pakellas
Qazlal
Ru
Sif Muna
Trog
Vehumet
Xom
Yredelemnul
Zin
The Shining One

Shops:
Lair:1 *

Annotations:
D:6 Fabri's ghost, novice OpTm


Innate Abilities, Weirdness & Mutations

You cannot wear most types of armour.
You are amphibious.
You can wear up to eight rings at the same time.
You can use your tentacles to constrict eight enemies at once.
Your skin changes colour to match your surroundings (Stealth).
Your rubbery body absorbs attacks (AC +1).
One of your tentacles bears a spike.
You are partially covered in slimy green scales (AC +2).
You are very agile. (Dex +4)
You tend to lose your temper in combat.
Your body often deteriorates upon taking damage.
You regenerate slowly when monsters are visible.
You are weak. (Str -2)
[Scrolls take you longer to read.]
[You are very frail (-20% HP).]


Message History

The thrashing horror barely misses you. The thrashing horror tramples you.
You stumble backwards!
The starcursed mass shrieks in your mind.
* * * LOW HITPOINT WARNING * * *
Your body deteriorates!
You feel dopey for a moment.
As you read the scroll of teleportation, it crumbles to dust.
You feel strangely unstable.
You feel the power of the Abyss delaying your translocation!
Unknown command.
Drink which item? (? for menu, Esc to quit)
It was a potion of berserk rage.
You're too hungry to go berserk.
The thrashing horror tramples you!
* * * LOW HITPOINT WARNING * * *
You hold your ground!
The thrashing horror tramples you but does no damage.
The thrashing horror tramples you!
You die...
Xom laughs nastily!
Your body crumbles into a pile of gold.

### #.#..#..X.
....
#....#.##.##
#.. ##.....
..#.#
#.###.#...
.#.#.#
#..##..##..#..#
#...# #. ..# #
#...#....##
#..####..#
#..#@.## #
#..#XX.#
#.#...##
..##....# ...
.###$# #..##.
4ยง #. # X# .#
... .# #. ## #


You could see a starcursed mass, 2 thrashing horrors and a sixfirhy (wandering).

Vanquished Creatures
  Pikel (D:4)
  A spiny frog (Lair:1)
  A troll (D:9)
  Prince Ribbit (D:5)
  5 yaks (Lair:1)
  A basilisk (Lair:1)
  A neqoxec (Abyss:3)
  A steam dragon (Lair:1)
  A hippogriff (D:7)
  A soldier ant (shapeshifter) (D:6)
  2 orc warriors
  4 porcupines (Lair:1)
  2 slaves (D:4)
  A phantom (D:9)
  2 sky beasts (D:6)
  4 ogres
  A boggart (D:5)
  6 centaurs
  A small abomination (Abyss:3)
  2 crocodiles (Lair:1)
  6 big kobolds (Sewer)
  6 giant frogs
  3 wights (D:7)
  2 scorpions
  2 jellies
  4 howler monkeys
  8 crimson imps
  3 quasits
  2 orc priests
  6 hounds
  A gnoll shaman (D:7)
  7 orc wizards
  2 centaur skeletons
  A giant frog skeleton (D:8)
  5 iguanas
  4 worker ants
  A killer bee zombie (D:6)
  4 sheep (Lair:1)
  A hound zombie (D:2)
  A worker ant zombie (D:8)
  16 adders
  6 gnolls (D:7)
  13 river rats
  4 shadow imps
  2 oozes
  5 worms
  A dart slug (D:4)
  4 giant geckos
  37 orcs
  11 bats
  10 giant cockroaches
  10 goblins
  6 hobgoblins
  9 jackals
  14 kobolds
  5 quokkas
  10 ball pythons
  A giant gecko zombie (D:6)
  4 giant newts
  A jackal skeleton (D:4)
  A quokka skeleton (D:5)
  17 rats
295 creatures vanquished.

Vanquished Creatures (collateral kills)
  A gargoyle (D:6)
  A hungry ghost (D:6)
  Menkaure (D:6)
  A water moccasin (D:7)
  A crimson imp (D:7)
  An orc wizard (D:7)
  A worker ant (D:7)
  4 orcs
11 creatures vanquished.

Vanquished Creatures (others)
  A crocodile (D:9)
  An adder (D:4)
  An adder zombie (D:5)
  A fire vortex (D:5)
  3 fungi (Lair:1)
  A plant (Lair:1)
8 creatures vanquished.

Grand Total: 314 creatures vanquished

Notes
Turn   | Place    | Note
--------------------------------------------------------------
     0 | D:1      | M4edhros the Octopode Artificer began the quest for the Orb.
     0 | D:1      | Reached XP level 1. HP: 13/13 MP: 3/3
   167 | D:1      | Reached XP level 2. HP: 16/18 MP: 4/4
   610 | D:4      | Reached skill level 3 in Dodging
   610 | D:4      | Reached XP level 3. HP: 19/23 MP: 4/6
   613 | D:4      | Reached XP level 4. HP: 14/28 MP: 4/7
   734 | D:3      | Reached XP level 5. HP: 23/33 MP: 8/8
   744 | D:3      | Found a glowing drain.
   811 | Sewer    | Entered a sewer
   935 | Sewer    | Reached skill level 5 in Evocations
  1064 | Sewer    | Noticed a big kobold
  1087 | Sewer    | Killed a big kobold
  1087 | Sewer    | Reached skill level 4 in Dodging
  1145 | Sewer    | Noticed a big kobold
  1154 | Sewer    | Killed a big kobold
  1154 | Sewer    | Reached XP level 6. HP: 35/38 MP: 10/10
  1265 | Sewer    | Reached skill level 5 in Dodging
  1266 | Sewer    | Upgraded the game from 0.18-a0-1542-g9c1a92e to 0.18-a0-1560-ge216ca8
  1390 | Sewer    | Reached XP level 7. HP: 41/43 MP: 11/11
  1645 | Sewer    | Reached skill level 6 in Dodging
  1980 | D:4      | Found a deep blue altar of Sif Muna.
  1981 | D:4      | Found a radiant altar of Vehumet.
  1983 | D:4      | Found a stormy altar of Qazlal.
  2050 | D:5      | Entered Level 5 of the Dungeon
  2230 | D:4      | Found a white marble altar of Elyvilon.
  2343 | D:4      | Reached skill level 7 in Dodging
  2375 | D:4      | Reached XP level 8. HP: 24/48 MP: 12/12
  2666 | D:4      | Noticed Pikel
  2693 | D:4      | Killed Pikel
  2693 | D:4      | Reached skill level 9 in Dodging
  2933 | D:5      | Found a sacrificial altar of Ru.
  3370 | D:5      | Noticed Prince Ribbit
  3375 | D:5      | HP: 2/48 [Prince Ribbit (16)]
  3381 | D:5      | Killed Prince Ribbit
  3674 | D:6      | Found a staircase to the Ecumenical Temple.
  3722 | Temple   | Entered the Ecumenical Temple
  3749 | Temple   | Became a worshipper of Xom of Chaos
  3990 | Temple   | XOM: harmless Summ miscast
  4163 | Temple   | XOM: harmless Ice miscast
  5059 | Temple   | XOM: god gift: 43 gold pieces
  5305 | Temple   | XOM: mild Ice miscast
  5508 | Temple   | XOM: divination: magic mapping
  5538 | Temple   | XOM is BORED!
  5538 | Temple   | XOM: noise
  5753 | Temple   | XOM: divination: detect creatures
  6085 | Temple   | XOM: god gift: 10 gold pieces
  6134 | Temple   | XOM: scenery: create altars
  6153 | Temple   | XOM is BORED!
  6153 | Temple   | XOM: noise
  6338 | Temple   | XOM: harmless Trmt miscast
  6433 | Temple   | XOM: harmless Pois miscast
  6710 | Temple   | XOM is BORED!
  6710 | Temple   | XOM: silly message
  7563 | Temple   | XOM: harmless Conj miscast
  7630 | Temple   | XOM is BORED!
  7630 | Temple   | XOM: harmless Summ miscast
  8229 | Temple   | XOM: colour smoke trail
  8411 | Temple   | XOM: divination: detect creatures
  8508 | D:1      | XOM: god gift: glowing short sword {god gift}
  8928 | D:1      | XOM: mild Trmt miscast
  9040 | D:1      | XOM: noise
  9641 | D:4      | XOM is BORED!
  9641 | D:4      | XOM: give mutation
  9641 | D:4      | Gained mutation: Your body sometimes deteriorates upon taking damage. [Xom's mischief]
 11110 | D:2      | Reached skill level 10 in Dodging
 11535 | D:2      | XOM: divination: detect creatures
 12228 | D:2      | XOM: vitrification
 12441 | D:2      | XOM is BORED!
 12441 | D:2      | XOM: medium Hex miscast
 12902 | D:2      | Reached XP level 9. HP: 50/53 MP: 13/13
 13554 | D:2      | XOM: god gift: 20 stones
 13867 | D:3      | XOM: harmless Summ miscast
 14754 | D:3      | XOM: god gift: 41 gold pieces
 14819 | D:3      | XOM: 5-stop teleportation journey
 14956 | D:3      | XOM: harmless Conj miscast
 15007 | D:3      | XOM is BORED!
 15007 | D:3      | XOM: summons 2 hostile demons
 15014 | D:3      | XOM: smoke on damage
 15068 | D:3      | XOM: 2-stop teleportation journey
 15148 | D:3      | XOM: colour smoke trail
 15730 | D:3      | XOM: colour smoke trail
 16077 | D:6      | XOM: polymorph ogre -> soldier ant
 16081 | D:5      | Gained mutation: You are agile. (Dex +2) [mutagenic meat]
 16082 | D:5      | Gained mutation: One of your tentacles bears a spike. [mutagenic meat]
 16083 | D:5      | Gained mutation: You are very agile. (Dex +4) [mutagenic meat]
 16085 | D:5      | Gained mutation: Your spells are a little harder to cast, but a little more powerful. [mutagenic meat]
 16085 | D:5      | XOM: silly message
 16086 | D:5      | Lost mutation: Your spells are a little harder to cast, but a little more powerful. [mutagenic meat]
 16101 | D:6      | Gained mutation: You are weak. (Str -2) [mutagenic meat]
 16102 | D:6      | XOM: mild Hex miscast
 16284 | D:6      | XOM: silly message
 16601 | D:6      | XOM: divination: detect creatures
 16774 | D:6      | Reached skill level 11 in Dodging
 16810 | D:6      | XOM: potion effect (brilliance)
 16858 | D:6      | XOM: confuse monster(s)
 16942 | D:6      | XOM: harmless Hex miscast
 17124 | D:6      | XOM: colour smoke trail
 17130 | D:6      | Noticed a gargoyle
 17171 | D:6      | XOM: summons 6 friendly demons
 17271 | D:6      | Killed a gargoyle
 17593 | D:6      | XOM: scenery: 1 doors close
 17930 | D:6      | XOM: colour smoke trail
 18217 | D:6      | Noticed Fabri's ghost (novice OpTm)
 19016 | D:5      | XOM: scenery: 1 doors open
 19054 | D:5      | XOM: divination: detect creatures
 19349 | D:5      | XOM: colour smoke trail
 20300 | D:5      | XOM: divination: detect creatures
 20304 | D:5      | XOM: harmless Necr miscast
 20321 | D:5      | XOM: divination: detect creatures
 20844 | D:5      | Reached skill level 12 in Dodging
 20869 | D:5      | XOM: harmless Summ miscast
 22283 | D:5      | XOM: mild Fire miscast
 22322 | D:5      | Noticed a deep elf archer
 22334 | D:5      | XOM: enchant monster (bad)
 22724 | D:6      | XOM: colour smoke trail
 23036 | D:6      | Noticed Menkaure
 23043 | D:6      | Killed Menkaure
 23082 | D:6      | XOM: colour smoke trail
 23125 | D:7      | Reached XP level 10. HP: 48/58 MP: 14/14
 23543 | D:6      | XOM: potion effect (agility)
 23547 | D:6      | Reached skill level 13 in Dodging
 23590 | Temple   | Fell from the grace of Xom
 23590 | Temple   | Became a worshipper of Gozag Ym Sagoz the Greedy
 23705 | D:7      | XOM: mild Conj miscast
 24359 | D:8      | Gained mutation: You tend to lose your temper in combat. [potion of mutation]
 24359 | D:8      | Gained mutation: Your body often deteriorates upon taking damage. [potion of mutation]
 24360 | D:8      | Gained mutation: You regenerate slowly when monsters are visible. [potion of mutation]
 24360 | D:8      | Gained mutation: You are partially covered in slimy green scales (AC +2). [potion of mutation]
 24429 | D:8      | Learned a level 2 spell: Repel Missiles
 24433 | D:8      | Learned a level 3 spell: Mephitic Cloud
 24511 | D:8      | XOM: severe Ice miscast
 24594 | D:8      | XOM: mild Trmt miscast
 24672 | D:8      | Reached skill level 1 in Air Magic
 24686 | D:8      | XOM: summons 2 hostile demons
 24720 | D:8      | Reached skill level 1 in Conjurations
 24720 | D:8      | Reached skill level 1 in Charms
 24720 | D:8      | Reached skill level 1 in Poison Magic
 24904 | D:8      | XOM: summons 1 hostile demon
 25172 | D:9      | Found a staircase to the Orcish Mines.
 25251 | D:9      | Found a staircase to the Lair.
 25263 | Lair:1   | Entered Level 1 of the Lair of Beasts
 25509 | Lair:1   | XOM: draining
 25603 | Lair:1   | Noticed a spiny frog
 25833 | Lair:1   | Killed a spiny frog
 25833 | Lair:1   | Reached XP level 11. HP: 42/63 MP: 15/15
 26053 | Lair:1   | Noticed a five-headed hydra
 26460 | Lair:1   | XOM: mild Necr miscast
 26641 | Lair:1   | Bought a warped emerald amulet for 140 gold pieces
 26642 | Lair:1   | Identified the amulet "Giluemugisk" {Faith Int+7} (You bought it in a shop on level 1 of the Lair of Beasts)
 26893 | Lair:1   | XOM: medium Tloc miscast
 26894 | Lair:1   | Cast into level 3 of the Abyss (the capriciousness of Xom)
 26973 | Abyss:3  | XOM: severe Necr miscast
 26977 | Abyss:3  | Noticed a thrashing horror
 26980 | Abyss:3  | Noticed a thrashing horror
 27077 | Abyss:3  | Got a pitted ivory ring
 27078 | Abyss:3  | Identified the ring of Fach {Fire rPois} (You found it on level 3 of the Abyss)
 27108 | Abyss:3  | Noticed a brown ugly thing
 27133 | Abyss:3  | XOM: chaos cloud
 27138 | Abyss:3  | Noticed a wretched star
 27162 | Abyss:3  | Noticed an Executioner
 27170 | Abyss:3  | Noticed a tentacled starspawn
 27220 | Abyss:3  | Noticed a wretched star
 27286 | Abyss:3  | Noticed a starcursed mass
 27321 | Abyss:3  | Noticed a thrashing horror
 27321 | Abyss:3  | Noticed a thrashing horror
 27328 | Abyss:3  | Noticed a sixfirhy
 27329 | Abyss:3  | HP: 2/50 [thrashing horror (13)]
 27329 | Abyss:3  | Mangled by a thrashing horror

Vault maps used:
D:1:      onia_arrival_mini_spirals
D:2:      glass_columns_a
D:3:      first_bread, portal_sewer_entry_d, kennysheep_generic_room_11
D:4:      nicolae_overflow_quartered_altars, uniq_pikel
D:5:      hex_large, nicolae_ru_great_annihilating_truth, uniq_prince_ribbit1
D:6:      kennysheep_windowed_halls, temple_doors_e, uniq_menkaure
D:9:      erik_lair_dragon, orc_0_dummy
Temple:   nicolae_temple_x_marks_the_god_16
Lair:1:   hibernation_bobbens
Abyss:3:  evilmike_abyss_exit_7, due_abyss_rune
Sewer:    sewer_co_tree

Skill      XL: |  1  2  3  4  5  6  7  8  9 10 11 |
---------------+----------------------------------+-----
Dodging        | 3 4 5 7 10 12 13 | 13.4
Evocations     | 4 5 6 |  6.5
Air Magic      | 3 4 |  4.9
Conjurations   | 3 |  3.4
Charms         | 3 4 |  4.5
Poison Magic   | 4 |  4.2
Fighting       | |  1.0
Short Blades   | |  1.0
Stealth        | |  1.3

Action                   |  1- 3 |  4- 6 |  7- 9 | 10-12 || total
-------------------------+-------+-------+-------+-------++-------
Melee: Short sword       |    54 |    19 |   156 |    55 ||   284
       Rapier            |       |    35 |       |       ||    35
       Spear             |       |       |    17 |       ||    17
       Long sword        |       |       |   242 |       ||   242
       Whip              |       |       |    41 |   347 ||   388
Invok: Call Merchant     |       |       |       |     1 ||     1
Evoke: Wand              |       |     3 |    20 |     3 ||    26
       Sack of spiders   |       |       |     3 |     3 ||     6
  Use: Scroll            |       |       |    10 |     7 ||    17
       Potion            |       |       |     5 |     9 ||    14
 Stab: Sleeping          |     4 |     4 |    31 |    12 ||    51
       Paralysed         |       |       |    10 |     3 ||    13
       Distracted        |       |       |     1 |     7 ||     8
       Confused          |       |       |       |     1 ||     1
  Eat: Chunk             |       |     2 |    43 |     1 ||    46
       Meat ration       |       |       |     2 |       ||     2
       Bread ration      |       |       |     4 |     3 ||     7
       Pizza             |       |       |     1 |     1 ||     2
       Beef jerky        |       |       |     1 |       ||     1
